 Dungeon Sprint DCSS version 0.31-a0-408-gb642c7f9a3 (webtiles) character file.

Game seed: 11002494847897383647

101 zazu2006 the Covert (level 4, -9/34 HPs)
             Began as a Spriggan Brigand on July 29, 2023.
             Mangled by a gnoll sergeant
             ... wielding a +1 spear of freezing
              (13 damage)
             ... in the Dungeon (Sprint IX: "|||||||||||||||||||||||||||||").
             The game lasted 00:00:35 (54 turns).

zazu2006 the Covert (Spriggan Brigand)                Turns: 54, Time: 00:00:35

Health: -9/34      AC:  3    Str:  9    XL:     4   Next: 48%
Magic:  5/5        EV: 17    Int: 12    God:
Gold:   0          SH:  0    Dex: 16    Spells: 3/3 levels left

rFire   . . .        a - +2 dagger
rCold   . . .        (no shield)
rNeg    . . .        b - +0 robe
rPois   .            (helmet restricted)
rElec   .            c - +0 cloak
rCorr   .            (gloves unavailable)
SInv    +            (boots unavailable)
Will    .....        (no amulet) Stlth
                     (no ring)
HPRegen 0.25/turn    (no ring)
MPRegen 0.09/turn

%: no teleportation
@: berserking, very quick
A: very small, no large weapons, unfitting armour, see invisible, speed 3
a: no special abilities


You were in the Dungeon.
You visited 1 branch

Inventory:

Hand Weapons
 a - a +2 dagger (weapon)
Missiles
 d - 9 poisoned darts (quivered)
 e - 3 curare-tipped darts
Armour
 b - a +0 robe (worn)
 c - a +0 cloak (worn)
Scrolls
 k - a scroll of blinking
Potions
 f - a potion of curing
 g - a potion of heal wounds
 h - a potion of haste
 i - 2 potions of magic


   Skills:
 + Level 2.8 Fighting
 + Level 4.3 Short Blades
 + Level 2.9 Throwing
 + Level 2.3 Dodging
 + Level 12.5 Stealth


You had 3 spell levels left.
You didn't know any spells.
Your spell library was empty.

Dungeon Overview and Level Annotations

Branches:
Dungeon (1/1)

Altars:


Innate Abilities, Weirdness & Mutations

You are very small and have problems with some larger weapons.
You are too small for most types of armour.
You have supernaturally acute eyesight. (SInv)
You cover ground extremely quickly. (Speed+++)


Message History

The black bear claws you but does no damage.
The black bear misses you.
You barely miss the black bear.
The black bear is severely wounded.
You puncture the black bear!
The black bear is almost dead.
The black bear bites you.
* * * LOW HITPOINT WARNING * * *
The black bear claws you but does no damage.
The black bear closely misses you.
You hit the black bear.
You kill the black bear!
Your Fighting skill increases to level 2!
Your Short Blades skill gained 2 levels and is now at level 4!
Your Dodging skill increases to level 2!
Your Stealth skill gained 4 levels and is now at level 12!
You have reached level 3!
Your experience leads to an increase in your attributes!
Increase (S)trength, (I)ntelligence, or (D)exterity?
Uppercase letters only, please.
You feel stronger. x2
You have reached level 4!
Unknown command.
You barely miss the ufetubus. You hit the ufetubus.
The ufetubus is almost dead.
The ufetubus hits you but does no damage.
The ufetubus closely misses you.
You barely miss the ufetubus.
The ufetubus is almost dead.
The gnoll sergeant barely misses you. The ufetubus misses you.
The ufetubus hits you but does no damage.
You closely miss the ufetubus.
The ufetubus is almost dead.
You barely miss the ufetubus.
The ufetubus is almost dead.
The ufetubus misses you.
The ufetubus hits you but does no damage.
The gnoll sergeant hits you from afar with a +1 spear of freezing!
You die...

▓+▓
▓.▓
▓.▓
▓.▓
▓o▓
▓g▓
▓5▓
▓@▓
▓.▓
▓.▓
▓†▓
▓)▓
▓'▓
▓.▓
▓.▓
▓.▓


You could see a gnoll sergeant, an orc and an ufetubus.

Vanquished Creatures
  A black bear (D)
  A shadow imp (D)
  A goblin (D)
  A hobgoblin (D)
  A jackal (D)
  A frilled lizard (D)
  A rat (D)
7 creatures vanquished.

Notes
Turn   | Place    | Note
-------+----------+-------------------------------------------
     0 | D        | zazu2006 the Spriggan Brigand began the quest for the Orb.
     0 | D        | Reached XP level 1. HP: 10/10 MP: 2/2
     6 | D        | Reached skill level 6 in Stealth
     8 | D        | Reached skill level 7 in Stealth
    34 | D        | Noticed a gnoll sergeant
    34 | D        | Noticed a black bear
    42 | D        | Reached skill level 8 in Stealth
    42 | D        | Reached XP level 2. HP: 15/15 MP: 3/3
    49 | D        | Killed a black bear
    50 | D        | Reached skill level 12 in Stealth
    50 | D        | Reached XP level 3. HP: 3/19 MP: 4/4
    50 | D        | Reached XP level 4. HP: 3/23 MP: 5/5
    54 | D        | Mangled by a gnoll sergeant

Illustrated notes

Levels and vault maps discovered:
D:        linesprint [early_d, line_temple, items_1, d_10, items_2, lair_1,
          lair_end, items_3, orc_1, orc_end, items_4, d_15, swamp_1, shoals_1,
          snake_1, spider_1, d_20, vaults_1, items_5, swamp_end, shoals_end,
          snake_end, spider_end, vaults_end, d_27, items_6, zot_1, zot_end,
          crypt_end, forest_end, elf_end, slime_end, tomb_end, abyss_end,
          pan_hell_end]

Skill      XL: |  1  2 |
---------------+-------+-----
Stealth        | 8 12 | 12.5
Fighting       | 2 |  2.8
Short Blades   | 4 |  4.3
Dodging        | 2 |  2.3
Throwing       | |  2.9

Action                     |  1- 3 |  4- 6 || total
---------------------------+-------+-------++-------
  Melee: Dagger            |    22 |     5 ||    27
    Use: Potion            |     1 |       ||     1
   Stab: Distracted        |     1 |       ||     1
 Armour: Robe              |     4 |     3 ||     7
  Dodge: Dodged            |    11 |     4 ||    15

Table legend: (Time is in decaauts)
 A = Elapsed time spent in this place.
 B = Non-inter-level travel time spent in this place.
 C = Inter-level travel time spent in this place.
 D = Time resting spent in this place.
 E = Time spent auto-exploring this place.
 F = Levels seen in this place.
 G = Mean time per level.
                   A        B        C        D        E       F      G
               +--------+--------+--------+--------+--------+-----+--------+
         Total |     43 |     43 |      0 |     16 |      0 |   1 |   43.0 |
       Dungeon |     43 |     43 |      0 |     16 |      0 |   1 |   43.0 |
               +--------+--------+--------+--------+--------+-----+--------+

Top non-repeatable levels by time:
       D: 43 daAuts
